 Dungeon Crawl Stone Soup version 0.25-a0-860-gf695395b5c (webtiles) character file.

Game seed: 4121094644893099625, levelgen mode: deterministic

3588 MisterFreud the Nimble (level 9, -5/43 HPs)
             Began as a Felid Ice Elementalist on Apr 28, 2020.
             Was a Priest of Uskayaw.
             Slain by Gastronok (26 damage)
             ... on level 3 of the Lair of Beasts.
             The game lasted 00:49:20 (14694 turns).

MisterFreud the Nimble (Felid Ice Elementalist)    Turns: 14694, Time: 00:49:21

Health: -5/43      AC:  2    Str:  6    XL:     9   Next: 85%
Magic:  15/16      EV: 27    Int: 17    God:    Uskayaw [***...]
Gold:   963        SH:  0    Dex: 18    Spells: 5/16 levels left
                                        Lives:  0   Deaths: 2

rFire    . . .     SeeInvis +     - Unarmed
rCold    . . .     Gourm    .   (shield unavailable)
rNeg     . . .     Faith    +   (armour unavailable)
rPois    .         Spirit   .   (helmet unavailable)
rElec    .         Reflect  .   (cloak unavailable)
rCorr    .         Harm     .   (gloves unavailable)
MR       +....                  (boots unavailable)
Stlth    +++++.....             l - amulet of faith
HPRegen  0.14/turn              (no ring)
MPRegen  0.15/turn              (no ring)

@: frozen ramparts, quick
A: very small, no armour, no weapons or thrown items, stealth, claws 1, fangs 3,
see invisible, carnivore, speed 1, shaggy fur 2, slow metabolism 1, sharp paws
a: Stomp, Line Pass, Renounce Religion


You were on level 3 of the Lair of Beasts.
You worshipped Uskayaw.
Uskayaw was aware of your devotion.
You were not hungry.

You visited 3 branches of the dungeon, and saw 16 of its levels.

You collected 963 gold pieces.

Inventory:

Jewellery
 i - an uncursed amulet of regeneration
 l - an amulet of faith (around neck)
Wands
 h - a wand of polymorph (4)
 q - a wand of flame (42)
 t - a wand of iceblast (12)
 u - a wand of scattershot (4)
 B - a wand of digging (2)
Scrolls
 c - 4 scrolls of amnesia
 e - 7 scrolls of identify
 g - a scroll of enchant weapon {unknown}
 j - 5 scrolls of teleportation
 k - a scroll of fog
 m - a scroll of fear
 n - a scroll of magic mapping {unknown}
 y - a scroll of acquirement {unknown}
 z - a scroll of summoning {unknown}
 C - a scroll of remove curse
 D - a scroll of immolation {unknown}
 E - a scroll of holy word {unknown}
Potions
 a - 5 potions of flight
 d - a potion of heal wounds
 f - 3 potions of stabbing
 o - a potion of lignification
 p - 3 potions of brilliance
 r - a potion of might
 s - 2 potions of invisibility
 v - 4 potions of curing
 w - 2 potions of resistance
 x - 2 potions of haste
 A - a potion of mutation
Miscellaneous
 F - a lightning rod (4/4)
Comestibles
 b - 27 rations


   Skills:
 + Level 7.3 Fighting
 + Level 10.4 Dodging
 + Level 9.0 Stealth
 + Level 7.3 Unarmed Combat
 - Level 4.0 Spellcasting
 + Level 2.3 Transmutations
 - Level 6.0 Ice Magic
 - Level 8.0 Invocations
 - Level 6.0 Evocations


You had 5 spell levels left.
You knew the following spells:

 Your Spells              Type           Power        Failure   Level  Hunger
a - Freeze                Ice            ###.         1%          1    None
b - Frozen Ramparts       Ice            ###...       4%          3    ###....
c - Ozocubu's Armour      Chrm/Ice       ##......     14%         3    ###....
d - Ice Form              Ice/Tmut       ###.....     28%         4    ####...

Your spell library contained the following spells:

 Spells                   Type           Power        Failure   Level  Hunger
 Animate Skeleton         Necr           N/A          16%         1    None
 Pain                     Necr           #...         16%         1    None
 Hailstorm                Conj/Ice       ##......     41%         4    ####...
 Summon Ice Beast         Ice/Summ       ##......     41%         4    ####...
 Vampiric Draining        Necr           #.........   43%         3    ###....
 Metabolic Englaciation   Hex/Ice        ##........   77%         5    ######.
 Animate Dead             Necr           N/A          83%         4    ####...
 Agony                    Necr           #.......     99%         5    ######.
 Ozocubu's Refrigeration  Ice            ###.......   90%         6    #######
 Freezing Cloud           Conj/Ice/Air   ##........   100%        6    #######
 Simulacrum               Ice/Necr       ##........   100%        6    #######


Dungeon Overview and Level Annotations

Branches:
Dungeon (12/15)            Temple (1/1) D:7            Lair (3/6) D:8
 Spider (0/4) Lair:3
  Swamp: Lair:2-4    Shoals: Lair:2-4       Orc: D:9-12

Altars:
Dithmenos
Fedhas
Gozag
Hepliaklqana
Makhleb
Nemelex Xobeh
Okawaru
Qazlal
Ru
Trog
Uskayaw
Vehumet
Wu Jian
Yredelemnul
Zin

Shops:
D:8 %   D:11 =

Portals:
Trove: D:11 (give 17 potions of curing)

Annotations:
D:4 Grinder
Lair:2 3 runed translucent doors, Katsion's ghost, journeyman FeSk
Lair:3 Gastronok


Innate Abilities, Weirdness & Mutations

You cannot wear armour.
You are incapable of wielding weapons or throwing items.
Your paws allow you to move quietly. (Stealth)
You have sharp claws.
You have razor-sharp teeth.
You have supernaturally acute eyesight. (SInv)
You are carnivorous and can eat meat at any time.
You cover ground quickly.
You are covered in thick fur. (AC +2)
You have a slow metabolism.
Your sharp claws are effective at attacking unaware monsters.


Message History

No target in view!
You pounce on the unaware helpless bullfrog!
You eviscerate the bullfrog!!!
You kill the bullfrog!
Casting: Frozen Ramparts (mildly dangerous; 4% risk of failure)
Confirm with . or Enter, or press ? or * to list all spells.
The walls around you are covered in ice.
The wall freezes Gastronok.
Gastronok bites you!!
Ouch! That really hurt!
You scratch Gastronok.
Gastronok is lightly wounded.
Uskayaw will force your foes to helplessly watch your dance.
Uskayaw prepares the audience for your solo!
The helpless Gastronok fails to defend himself.
You eviscerate Gastronok!!!
Gastronok is moderately wounded.
Gastronok is no longer paralysed.
The wall freezes Gastronok!
Gastronok bites you!!
Ouch! That really hurt!
You die...

#......#...###.#...P###
w......#....#...... ..
#.....#........# ..###P
....###.P##...## ..P...
......P.###....####..PPP.
.......P...#.P...#.......
..............<......##
............w..#......#
..#....#.......#@.....#
....###...w.#....# ####
#####........# ###P#.....
###...# ...# ###


You could see Gastronok.

Vanquished Creatures
  An unseen horror (D:11)
  Psyche (D:10)
  4 spiny frogs
  A rime drake (Lair:1)
  A komodo dragon (Lair:1)
  A troll (D:9)
  A jumping spider (Lair:3)
  Prince Ribbit (D:7)
  A queen bee (D:8)
  6 hippogriffs
  A wyvern (D:10)
  Grum (D:8)
  A wraith (D:11)
  A basilisk (Lair:2)
  3 hungry ghosts
  A steam dragon (D:11)
  A soldier ant (D:11)
  Edmund (D:4)
  8 water moccasins
  2 sky beasts
  An orc warrior (D:11)
  An ice beast (D:5)
  5 centaurs
  2 eyes of draining (D:11)
  A necrophage (D:11)
  5 ogres
  7 wolves
  6 crocodiles
  13 bullfrogs
  A gnoll sergeant (D:8)
  A wyvern skeleton (D:8)
  A scorpion (D:8)
  14 killer bees (D:8)
  2 crimson imps
  A bullfrog zombie (D:11)
  3 centaur zombies
  6 hounds
  A quasit (D:9)
  2 orc priests
  3 jellies
  Crazy Yiuf (D:7)
  Jessica (D:3)
  3 orc wizards
  5 iguanas
  5 worker ants
  4 hound skeletons
  A howler monkey zombie (D:10)
  12 gnolls
  10 adders
  A shadow imp (D:8)
  4 oozes
  An adder zombie (D:8)
  An adder skeleton (D:7)
  2 worms
  4 dart slugs
  4 leopard geckos
  14 orcs
  11 bats
  6 giant cockroaches
  2 goblins (D:1)
  8 hobgoblins
  5 jackals
  6 kobolds
  3 quokkas
  4 ball pythons
  8 frilled lizards
  2 leopard gecko skeletons (D:8)
  5 rats
247 creatures vanquished.

Vanquished Creatures (others)
  3 fungi (D:7)
  4 toadstools (D:7)
7 creatures vanquished.

Grand Total: 254 creatures vanquished

Notes
Turn   | Place    | Note
-------+----------+-------------------------------------------
     0 | D:1      | MisterFreud the Felid Ice Elementalist began the quest for
                  | the Orb.
     0 | D:1      | Reached XP level 1. HP: 7/7 MP: 4/4
   126 | D:1      | Reached skill level 1 in Fighting
   507 | D:1      | Reached XP level 2. HP: 13/13 MP: 3/6
   959 | D:1      | Reached XP level 3. HP: 8/16 MP: 2/7
  1230 | D:1      | Learned a level 3 spell: Frozen Ramparts
  1950 | D:2      | Reached skill level 3 in Dodging
  2367 | D:2      | Reached skill level 1 in Unarmed Combat
  2497 | D:2      | Reached XP level 4. HP: 20/21 MP: 8/8
  2625 | D:2      | Learned a level 3 spell: Ozocubu's Armour
  2683 | D:3      | Found an iron altar of Okawaru.
  3050 | D:3      | Noticed Jessica
  3058 | D:3      | Killed Jessica
  3058 | D:3      | Reached skill level 4 in Dodging
  3122 | D:3      | Reached XP level 5. HP: 24/24 MP: 6/9
  3390 | D:4      | Noticed a centaur
  3396 | D:4      | Killed a centaur
  3396 | D:4      | Reached skill level 5 in Dodging
  3641 | D:4      | Noticed an ogre
  3653 | D:4      | Killed an ogre
  3653 | D:4      | Gained mutation: You are covered in thick fur. (AC +2)
                  | [Felid growth]
  3653 | D:4      | Reached XP level 6. HP: 28/28 MP: 6/10
  3806 | D:4      | Noticed Edmund
  3854 | D:4      | Killed Edmund
  4493 | D:5      | Entered Level 5 of the Dungeon
  4524 | D:5      | Found a bloodstained altar of Trog.
  4686 | D:5      | Noticed an ice beast
  4784 | D:5      | Reached XP level 7. HP: 23/31 MP: 9/13
  4846 | D:5      | Noticed Grinder
  4919 | D:6      | Reached skill level 5 in Ice Magic
  5357 | D:6      | Noticed a hungry ghost
  5380 | D:6      | Killed a hungry ghost
  5380 | D:6      | Reached XP level 8. HP: 24/34 MP: 10/15
  5529 | D:7      | Found a staircase to the Ecumenical Temple.
  5577 | D:7      | Found a radiant altar of Vehumet.
  5696 | D:7      | Noticed Prince Ribbit
  5820 | D:7      | Reached skill level 6 in Dodging
  6035 | D:7      | Found a runed translucent door.
  6036 | D:7      | Noticed Crazy Yiuf
  6043 | D:7      | Killed Crazy Yiuf
  6085 | D:7      | Found a sparkling altar of Nemelex Xobeh.
  6089 | D:7      | Reached skill level 5 in Stealth
  6177 | D:7      | Killed Prince Ribbit
  6261 | D:7      | Reached skill level 7 in Dodging
  6348 | Temple   | Entered the Ecumenical Temple
  6399 | Temple   | Became a worshipper of Uskayaw the Reveler
  6479 | D:8      | Found a staircase to the Lair.
  6484 | D:8      | Found Qenesogu's Food Boutique.
  6508 | D:8      | Reached * piety under Uskayaw
  6511 | D:8      | Reached skill level 5 in Fighting
  6511 | D:8      | Reached skill level 5 in Unarmed Combat
  6511 | D:8      | Reached ** piety under Uskayaw
  6518 | D:8      | Reached *** piety under Uskayaw
  6519 | D:8      | Reached **** piety under Uskayaw
  6521 | D:8      | Reached skill level 8 in Dodging
  6521 | D:8      | Reached XP level 9. HP: 23/40 MP: 12/16
  6521 | D:8      | Reached ***** piety under Uskayaw
  6524 | D:8      | Reached skill level 1 in Invocations
  6526 | D:8      | Reached ****** piety under Uskayaw
  6529 | D:8      | HP: 1/40 [killer bee (4)]
  6603 | D:8      | Noticed a queen bee
  6656 | D:8      | Killed a queen bee
  6789 | D:8      | Reached skill level 5 in Invocations
  7787 | D:5      | Paralysed by Grinder for 6 turns
  9012 | D:8      | Noticed Grum
  9037 | D:8      | Killed Grum
  9037 | D:8      | Reached XP level 10. HP: 35/44 MP: 6/17
 10384 | D:10     | Entered Level 10 of the Dungeon
 10388 | D:10     | Reached skill level 1 in Evocations
 10968 | D:10     | Reached skill level 9 in Dodging
 11021 | D:10     | Noticed Psyche
 11047 | D:10     | Killed Psyche
 11593 | D:11     | Noticed an unseen horror
 11600 | D:11     | Killed an unseen horror
 11838 | D:11     | Reached XP level 11. HP: 49/49 MP: 13/18
 11978 | D:11     | Found a portal to a secret trove of treasure.
 12021 | D:11     | Noticed a death knight
 12023 | D:11     | Found Haehiyti's Jewellery Emporium.
 12238 | Lair:1   | Entered Level 1 of the Lair of Beasts
 12241 | Lair:1   | You fall into a shaft and drop 1 floor!
 12248 | Lair:2   | Reached skill level 5 in Evocations
 12434 | Lair:2   | Found a runed translucent gate.
 12434 | Lair:2   | Found a runed translucent gate.
 12434 | Lair:2   | Found a runed translucent gate.
 13073 | Lair:1   | Learned a level 4 spell: Ice Form
 13123 | Lair:1   | Reached skill level 10 in Dodging
 13445 | Lair:1   | Killed from afar by a rime drake
 13446 | Lair:1   | Reached XP level 10. HP: -9/46 MP: 16/17
 13516 | Lair:1   | Reached skill level 1 in Transmutations
 14048 | Lair:2   | Noticed Katsion's ghost (journeyman FeSk)
 14230 | Lair:3   | Noticed Gastronok
 14601 | Lair:3   | Found a hole to the Spider Nest.
 14644 | Lair:3   | Noticed a spiny frog
 14648 | Lair:3   | Killed a spiny frog
 14678 | Lair:3   | HP: 2/47 [poisoned by a redback]
 14679 | Lair:3   | Succumbed to a redback's poison
 14680 | Lair:3   | Reached XP level 9. HP: -1/43 MP: 15/16
 14694 | Lair:3   | Slain by Gastronok

Levels and vault maps discovered:
D:1:      minmay_arrival_jagged, layout_basic, minmay_shallow_snake_nest
D:2:      layout_basic, minivault_23, minmay_misc_feat_room
D:3:      layout_rooms, okawaru_metal_pillars_1_2,
          minmay_misc_feat_four_crosses, uniq_jessica
D:4:      layout_basic, first_ration, lemuel_another_geyser, uniq_edmund
D:5:      layout_rooms, basic_altar, uniq_grinder
D:6:      layout_rooms
D:7:      layout_loops_ring, old_standard_altar, minmay_temple_entry_mist,
          minivault_22, minmay_gold_behind_fungi, vehumet_altar_wand_db,
          uniq_prince_ribbit1, uniq_crazy_yiuf_cottage
D:8:      layout_loops_corners, lair_entry_dummy, serial_shops, shop_statue,
          david_nohive_1, uniq_grum
D:9:      layout_cave_pools
D:10:     layout_rooms, uniq_psyche
D:11:     layout_basic, trove_entry_hex_spiral, eino_tiny_chamber,
          minmay_shop_enchanted_jewellery
D:12:     layout_cave_pods, orc_0_dummy, uniq_maurice, uniq_sonja
Temple:   regret_index_temple_chain_breaker
Lair:1:   layout_regular_city, serial_bayou_shore_a, grunt_megastairs_4,
          serial_bayou_shore_b
Lair:2:   layout_chaotic_city, gammafunk_ghost_icy, infiniplex_staircase_pool,
          grunt_megastairs_2
Lair:3:   cheibrodos_lair_overgrown_chateau, layout_misc_corridors,
          minmay_shoals_entry_beasts, nicolae_spider_entry_tight_spaces,
          chequers_serial_rivers_large_a, minivault_11, uniq_snorg,
          uniq_gastronok

Skill      XL: |  1  2  3  4  5  6  7  8  9 10 11 |
---------------+----------------------------------+-----
Fighting       | 1 2 3 5 7 |  7.3
Stealth        | 3 4 5 9 8 |  9.0
Dodging        | 3 4 5 8 9 10 | 10.4
Unarmed Combat | 1 2 3 5 7 |  7.3
Ice Magic      | 4 6 |  6.0
Spellcasting   | 3 4 |  4.0
Invocations    | 8 |  8.0
Evocations     | 4 6 |  6.0
Transmutations | 2 |  2.3

Action                   |  1- 3 |  4- 6 |  7- 9 | 10-12 || total
-------------------------+-------+-------+-------+-------++-------
Melee: Unarmed           |    47 |    46 |   176 |   181 ||   450
       Bite              |     2 |     3 |    18 |    11 ||    34
       Punch             |       |       |     1 |     6 ||     7
 Cast: Freeze            |    40 |     7 |       |       ||    47
       Frozen Ramparts   |     7 |    15 |    56 |    59 ||   137
Invok: Line Pass         |       |       |     2 |       ||     2
       Stomp             |       |       |     1 |       ||     1
Evoke: Wand              |       |       |     6 |     1 ||     7
  Use: Scroll            |       |     5 |     7 |     8 ||    20
       Potion            |       |       |     2 |       ||     2
 Stab: Sleeping          |    10 |    10 |    14 |    21 ||    55
       Distracted        |     1 |       |       |       ||     1
       Paralysed         |       |       |     8 |    19 ||    27
  Eat: Chunk             |    10 |     5 |    23 |    30 ||    68
Armor: Skin              |     6 |     2 |     5 |     5 ||    18
Dodge: Dodged            |    62 |    48 |   213 |   174 ||   497

Table legend:
 A = Non-vault XP
 B = Vault XP
 C = Vault XP percentage of total XP
 D = Non-vault monster count
 E = Vault monster count
 F = Vault count percentage of total count
                 A         B        C        D         E       F
            +---------+---------+-------+---------+---------+-------
      Total |   13089 |    4220 |  24.4 |     211 |      36 |  14.6
            +---------+---------+-------+---------+---------+-------
        D:1 |      46 |       4 |   8.0 |      26 |       2 |   7.1
        D:2 |      49 |       0 |   0.0 |      17 |       0 |   0.0
        D:3 |      66 |      37 |  35.9 |      16 |       1 |   5.9
        D:4 |     375 |     153 |  29.0 |      11 |       1 |   8.3
        D:5 |     410 |       0 |   0.0 |       8 |       0 |   0.0
        D:6 |     684 |       0 |   0.0 |      15 |       0 |   0.0
        D:7 |     594 |     318 |  34.9 |      21 |       3 |  12.5
        D:8 |    1469 |    1797 |  55.0 |      25 |      20 |  44.4
        D:9 |     921 |       0 |   0.0 |      13 |       0 |   0.0
       D:10 |    1659 |     418 |  20.1 |      15 |       1 |   6.2
       D:11 |    2291 |       0 |   0.0 |      19 |       0 |   0.0
     Lair:1 |    2648 |     418 |  13.6 |      13 |       1 |   7.1
     Lair:2 |    1061 |     645 |  37.8 |       7 |       5 |  41.7
     Lair:3 |     816 |     430 |  34.5 |       5 |       2 |  28.6
            +---------+---------+-------+---------+---------+-------
